 Dungeon Crawl Stone Soup version 0.21-a0-552-g593960d (webtiles) character file.

7376 tidbits the Summoner (level 11, -10/81 HPs)
             Began as a Gnoll Summoner on Dec 17, 2017.
             Was a Priest of Cheibriados.
             Mangled by a sixfirhy (12 damage)
             ... summoned by an orc sorcerer
             ... on level 2 of the Orcish Mines.
             The game lasted 00:46:35 (3573 turns).

tidbits the Summoner (Gnoll Summoner)               Turns: 3573, Time: 00:46:36

Health: -10/81     AC: 14    Str: 17 (18) XL:     11   Next: 14%
Magic:  12/22      EV: 18    Int: 29      God:    Cheibriados [***...]
Gold:   306        SH:  7    Dex: 23 (24) Spells: 4/25 levels left

rFire    . . .     SeeInvis .   a - +3 hand axe (elec)
rCold    . . .     Gourm    .   D - +0 buckler
rNeg     . . .     Faith    .   B - +0 troll leather armour
rPois    +         Spirit   .   E - +2 helmet
rElec    .         Reflect  .   C - +1 cloak {rPois}
rCorr    .         Harm     .   (no gloves)
MR       .....                  (no boots)
Stlth    ++++......             (no amulet)
HPRegen  0.63/turn              Q - ring of poison resistance
MPRegen  0.18/turn              (no ring)

@: about to teleport, very slow
A: distributed training, fangs 1, talons 1, icy blue scales 1, slimy green
scales 1, deterioration 1, strong nose
a: Bend Time, Temporal Distortion, Renounce Religion


You were on level 2 of the Orcish Mines.
You worshipped Cheibriados.
Cheibriados was most pleased with you.
You were not hungry.

You visited 3 branches of the dungeon, and saw 15 of its levels.

You collected 791 gold pieces.
You spent 485 gold pieces at shops.

Inventory:

Hand Weapons
 a - a +3 hand axe of electrocution (weapon)
   (You took it off an orc warrior on level 10 of the Dungeon)
 b - a +0 hunting sling
 i - a +0 war axe
 p - a +0 trident
 t - a +2 short sword of flaming
   (You took it off an orc priest on level 6 of the Dungeon)
 v - a +0 flail of protection
   (You found it on level 5 of the Dungeon)
 w - a +0 short sword of venom
   (You took it off a kobold on level 1 of the Dungeon)
 y - a +0 hand crossbow
 z - a +2 battleaxe of electrocution
   (You took it off an orc warrior on level 1 of the Orcish Mines)
 M - a +3 dagger of freezing
   (You took it off a wight on level 10 of the Dungeon)
 N - a +2 battleaxe of freezing
   (You took it off a wight on level 10 of the Dungeon)
 R - a +0 arbalest
 V - a +1 dagger of electrocution
   (You took it off an orc wizard on level 6 of the Dungeon)
Missiles
 g - 61 sling bullets
 m - 162 stones
 s - 19 arrows
 x - 51 bolts
 I - 2 curare-tipped needles
 P - 2 tomahawks (quivered)
 S - 2 poisoned tomahawks
Armour
 d - a +0 robe
 e - a +2 robe of magic resistance
   (You took it off an orc wizard on level 1 of the Orcish Mines)
 u - a cursed +0 ring mail
 B - a +0 troll leather armour (worn)
 C - a +1 cloak of poison resistance (worn)
   (You bought it in a shop on level 1 of the Orcish Mines)
 D - a +0 buckler (worn)
 E - a +2 helmet (worn)
 G - +0 steam dragon scales
 H - a +1 leather armour of cold resistance
   (You took it off an orc on level 3 of the Dungeon)
 O - a +0 scale mail
Jewellery
 Q - a ring of poison resistance (left hand)
   (You found it on level 11 of the Dungeon)
Wands
 o - a wand of flame (5)
 K - a wand of digging (29)
Scrolls
 f - 2 scrolls of random uselessness {unknown}
 h - a scroll of remove curse
 j - 4 scrolls of fear
 k - 2 scrolls of teleportation
 n - 3 scrolls of fog
 F - 2 scrolls of immolation
 U - a scroll of amnesia
Potions
 J - a potion of mutation {!q}
 W - a potion of flight
Books
 l - a book of Callings

   Spells                             Type                      Level
   a - Summon Small Mammal            Summoning                    1
   b - Call Imp                       Summoning                    2
   c - Call Canine Familiar           Summoning                    3
   d - Summon Guardian Golem          Hexes/Summoning              3
   e - Summon Lightning Spire         Summoning/Air                4
   f - Summon Ice Beast               Ice/Summoning                4
 T - a book of Clouds
   (You found it on level 11 of the Dungeon)

   Spells                             Type                      Level
   a - Poisonous Vapours              Poison/Air                   2
   b - Mephitic Cloud                 Conjuration/Poison/Air       3
   c - Conjure Flame                  Conjuration/Fire             3
   d - Freezing Cloud                 Conjuration/Ice/Air          6
   e - Ring of Flames                 Charms/Fire                  7
Comestibles
 c - 4 bread rations
 q - a royal jelly
 r - 4 meat rations


   Skills:
 + Level 5.9 Fighting
 + Level 5.9 Short Blades
 + Level 5.9 Long Blades
 + Level 5.9 Axes
 + Level 5.9 Maces & Flails
 + Level 5.9 Polearms
 + Level 5.9 Staves
 + Level 5.9 Slings
 + Level 5.9 Bows
 + Level 5.9 Crossbows
 + Level 5.9 Throwing
 + Level 5.9 Armour
 + Level 7.5 Dodging
 + Level 7.3 Stealth
 + Level 5.9 Shields
 + Level 5.9 Unarmed Combat
 + Level 7.8 Spellcasting
 + Level 4.9 Conjurations
 + Level 4.9 Hexes
 + Level 4.9 Charms
 + Level 8.7 Summonings
 + Level 4.9 Necromancy
 + Level 4.9 Translocations
 + Level 4.9 Transmutations
 + Level 4.9 Fire Magic
 + Level 4.9 Ice Magic
 + Level 4.9 Air Magic
 + Level 4.9 Earth Magic
 + Level 4.9 Poison Magic
 + Level 6.5 Invocations
 + Level 5.9 Evocations


You had 4 spell levels left.
You knew the following spells:

 Your Spells              Type           Power        Failure   Level  Hunger
a - Summon Small Mammal   Summ           ####         1%          1    None
b - Conjure Flame         Conj/Fire      #####...     2%          3    None
c - Call Canine Familiar  Summ           ######..     1%          3    None
g - Summon Guardian Gole  Hex/Summ       ######..     1%          3    None
i - Summon Ice Beast      Ice/Summ       ######..     3%          4    ##.....
m - Mephitic Cloud        Conj/Pois/Air  #####...     2%          3    None
L - Summon Lightning Spi  Summ/Air       ######..     3%          4    ##.....


Dungeon Overview and Level Annotations

Branches:
Dungeon (12/15)            Temple (1/1) D:6            Lair (0/6) D:11
    Orc (2/2) D:10            Elf (0/3) Orc:2

Altars:
Ashenzari
Cheibriados
Elyvilon
Fedhas
Makhleb
Nemelex Xobeh
Okawaru
Qazlal
Wu Jian
Xom
Yredelemnul
Beogh

Shops:
D:6 *   D:10 (   D:11 (   Orc:1 *

Annotations:
D:11 exclusion: manticore
Orc:2 Saint Roka


Innate Abilities, Weirdness & Mutations

Your experience applies equally to all skills.
You have very sharp teeth.
Your uncanny sense of smell can sniff out nearby items.
You have sharp toenails.
You are partially covered in icy blue scales. (AC +2)
You are partially covered in slimy green scales. (AC +2)
Your body sometimes deteriorates upon taking damage.


Message History

The bolt of electricity hits the troll.
An orc sorcerer comes into view. It is wielding a dagger of venom.
You hit the troll. Lightning courses through the troll!
You bite the troll, but do no damage.
The troll is almost dead.
You hit the ogre. Lightning courses through the ogre!
You block the troll's attack. The troll claws you! The troll barely misses you.
The ogre barely misses you.
You hit the troll but do no damage. Your kick misses the troll.
You bite the troll.
The troll is almost dead.
You closely miss the ogre. The troll completely misses you.
The troll closely misses you. x2
The orc sorcerer gestures wildly while chanting.
The ogre hits you with a giant club!!
* * * LOW HITPOINT WARNING * * *
Okay, then.
Unknown command.
You can feel time thicken for a moment.
You kill the ogre!
Cheibriados appreciates the change of pace.
You kill the troll!
Cheibriados thoroughly appreciates the change of pace.
The troll leather armour is intact enough to wear.
You feel somewhat more hungry.
You can no longer inflict damage on those overly hasty.
Cheibriados lowers the support of your attributes as your movement quickens.
There are monsters nearby!
Unknown command.
Unknown command.
Okay, then.
Unknown command.
Okay, then.
Unknown command.
Unknown command.
Evoke which item? (* to show all) (? for menu, Esc to quit)
Okay, then.
Unknown command.
Send 'em back where they came from!
Your lightning spire disappears in a puff of smoke!
You block the troll's attack. x2; The troll claws you.
* * * LOW HITPOINT WARNING * * *
The orc sorcerer gestures wildly while chanting.
The orc knight misses you.
Unknown command.
Casting: Summon Lightning Spire
Confirm with . or Enter, or press ? or * to list all spells.
Okay, then.
Okay, then.
Unknown command.
As you read the scroll of fear, it crumbles to dust.
You assume a fearsome visage.
The red devil is unaffected.
The sixfirhy is unaffected.
The orc knight looks frightened!
The orc warrior looks frightened!
The troll looks frightened!
The orc sorcerer resists with some effort.
The orc sorcerer mumbles some strange words.
Casting: Summon Lightning Spire
Confirm with . or Enter, or press ? or * to list all spells.
Aiming: Summon Lightning Spire
Press: ? - help, Dir - move target cursor An electric hum fills the air.
Unknown command.
Okay, then.
Unknown command.
Evoke which item? (* to show all) (? for menu, Esc to quit)
Okay, then.
Unknown command.
Unknown command.
Okay, then.
Unknown command.
Press: ? - help, v - describe, . - travel
Here: a sixfirhy (summoned)
The floor.
As you read the scroll of teleportation, it crumbles to dust.
You feel strangely unstable. The sixfirhy closely misses you.
The sixfirhy hits you.
* * * LOW HITPOINT WARNING * * *
The sixfirhy shocks you!
* * * LOW HITPOINT WARNING * * *
The sixfirhy hits you but does no damage. x2
The sixfirhy closely misses you. The sixfirhy hits you.
* * * LOW HITPOINT WARNING * * *
The sixfirhy shocks you!
* * * LOW HITPOINT WARNING * * *
Your body deteriorates!
You feel clumsy. The sixfirhy misses you.
The sixfirhy hits you but does no damage.
The red devil misses you.
Your lightning spire shoots out a bolt of lightning at the orc warrior!
The bolt of electricity hits the orc warrior.
The orc warrior dies!
Cheibriados thoroughly appreciates the change of pace.
Unknown command.
The sixfirhy hits you!
* * * LOW HITPOINT WARNING * * *
Your body deteriorates!
You feel weakened. The sixfirhy shocks you!
You die...

..#...... .. ...
.........#.##...
.....#.#.$.....
∆#.T..o....)...
..##............
.......4.)......
.......<).((....
##...o.33.8..#.
#.#.....@....#
.....#..........
#.#.###......$..
# ## ..........
.#. #$...<.....
.... ........>..
....
##.....#.#.. #..
####....##. #.#
#.. ...###..


You could see an orc knight (fleeing), a troll (fleeing), 2 sixfirhies, an orc
sorcerer, a red devil and a friendly lightning spire.

Vanquished Creatures
  A two-headed ogre (D:11)
  A cyclops (D:11)
  The ghost of Statics the Insei, a novice OpFi (D:5)
  A manticore (D:11)
  A centaur skeleton (D:11)
  2 trolls (Orc:2)
  A steam dragon (D:8)
  A warg (Orc:2)
  5 orc warriors
  2 sky beasts
  An ice beast (D:10)
  5 ogres
  A phantom (D:10)
  2 bullfrogs
  A killer bee (D:7)
  2 electric eels (D:4)
  3 howler monkeys
  2 bullfrog zombies
  A hound (D:4)
  4 orc wizards
  An orc priest (Orc:1)
  A worker ant (D:7)
  2 adders
  A shadow imp (D:11)
  An ooze (D:1)
  A worm (D:4)
  3 leopard geckos (D:1)
  12 orcs
  2 giant cockroaches (D:5)
  2 goblins
  3 hobgoblins
  3 kobolds (D:1)
  A quokka (D:4)
  3 bats
  2 frilled lizards
  2 rats (D:1)
78 creatures vanquished.

Vanquished Creatures (collateral kills)
  An orc knight (Orc:1)
  A cyclops (Orc:1)
  An orc sorcerer (Orc:2)
  Maurice (Orc:1)
  A gargoyle (D:10)
  A komodo dragon (D:10)
  2 trolls
  A wraith (D:10)
  2 hungry ghosts
  2 wargs (D:11)
  A phantom (D:5)
  6 orc warriors
  A necrophage (D:10)
  4 ogres
  A crocodile (D:11)
  4 bullfrogs
  A water moccasin zombie (D:5)
  2 killer bees (D:7)
  3 wights (D:10)
  2 howler monkeys (D:11)
  A quasit (D:5)
  7 orc priests
  3 orc wizards
  3 worker ants
  A howler monkey skeleton (D:6)
  3 adders
  A worm (D:4)
  2 leopard geckos
  27 orcs
  2 giant cockroaches (D:5)
  2 jackals (D:4)
  2 quokkas
  A bat (D:1)
  A kobold (D:1)
  A rat (D:1)
95 creatures vanquished.

Vanquished Creatures (others)
  A two-headed ogre (Orc:1)
  An orc warrior (Orc:1)
  An orc wizard (Orc:1)
3 creatures vanquished.

Grand Total: 176 creatures vanquished

Notes
Turn   | Place    | Note
-------+----------+-------------------------------------------
     0 | D:1      | tidbits the Gnoll Summoner began the quest for the Orb.
     0 | D:1      | Reached XP level 1. HP: 13/13 MP: 6/6
    43 | D:1      | Reached XP level 2. HP: 14/19 MP: 7/7
   285 | D:2      | Found a sparkling altar of Nemelex Xobeh.
   354 | D:2      | Reached XP level 3. HP: 22/25 MP: 7/9
   398 | D:3      | Reached skill level 5 in Spellcasting
   466 | D:3      | Learned a level 3 spell: Call Canine Familiar
   478 | D:4      | Reached skill level 1 in Invocations
   487 | D:5      | Entered Level 5 of the Dungeon
   501 | D:4      | Reached skill level 1 in Fighting
   501 | D:4      | Reached skill level 1 in Short Blades
   501 | D:4      | Reached skill level 1 in Long Blades
   501 | D:4      | Reached skill level 1 in Axes
   501 | D:4      | Reached skill level 1 in Maces & Flails
   501 | D:4      | Reached skill level 1 in Polearms
   501 | D:4      | Reached skill level 1 in Staves
   501 | D:4      | Reached skill level 1 in Slings
   501 | D:4      | Reached skill level 1 in Bows
   501 | D:4      | Reached skill level 1 in Crossbows
   501 | D:4      | Reached skill level 1 in Throwing
   501 | D:4      | Reached skill level 1 in Armour
   501 | D:4      | Reached skill level 1 in Shields
   501 | D:4      | Reached skill level 1 in Unarmed Combat
   501 | D:4      | Reached skill level 1 in Evocations
   501 | D:4      | Reached XP level 4. HP: 28/32 MP: 9/11
   507 | D:4      | Learned a level 4 spell: Summon Lightning Spire
   510 | D:4      | Reached skill level 1 in Conjurations
   510 | D:4      | Reached skill level 1 in Hexes
   510 | D:4      | Reached skill level 1 in Charms
   510 | D:4      | Reached skill level 1 in Necromancy
   510 | D:4      | Reached skill level 1 in Translocations
   510 | D:4      | Reached skill level 1 in Transmutations
   510 | D:4      | Reached skill level 1 in Fire Magic
   510 | D:4      | Reached skill level 1 in Ice Magic
   510 | D:4      | Reached skill level 1 in Air Magic
   510 | D:4      | Reached skill level 1 in Earth Magic
   510 | D:4      | Reached skill level 1 in Poison Magic
   512 | D:4      | Reached XP level 5. HP: 30/37 MP: 8/12
   532 | D:4      | Found a transporter.
   609 | D:4      | Found a transporter.
   715 | D:4      | Reached XP level 6. HP: 16/44 MP: 10/13
   992 | D:5      | Noticed Statics's ghost (novice OpFi)
  1010 | D:5      | Killed Statics's ghost
  1010 | D:5      | Reached skill level 2 in Fighting
  1010 | D:5      | Reached skill level 2 in Short Blades
  1010 | D:5      | Reached skill level 2 in Long Blades
  1010 | D:5      | Reached skill level 2 in Axes
  1010 | D:5      | Reached skill level 2 in Maces & Flails
  1010 | D:5      | Reached skill level 2 in Polearms
  1010 | D:5      | Reached skill level 2 in Staves
  1010 | D:5      | Reached skill level 2 in Slings
  1010 | D:5      | Reached skill level 2 in Bows
  1010 | D:5      | Reached skill level 2 in Crossbows
  1010 | D:5      | Reached skill level 2 in Throwing
  1010 | D:5      | Reached skill level 2 in Armour
  1010 | D:5      | Reached skill level 5 in Dodging
  1010 | D:5      | Reached skill level 2 in Shields
  1010 | D:5      | Reached skill level 2 in Unarmed Combat
  1010 | D:5      | Reached skill level 2 in Invocations
  1010 | D:5      | Reached skill level 2 in Evocations
  1010 | D:5      | Reached XP level 7. HP: 8/50 MP: 11/15
  1041 | D:5      | Found a blossoming altar of Fedhas.
  1042 | D:5      | Found an ornate altar of the Wu Jian Council.
  1223 | D:4      | Reached skill level 2 in Conjurations
  1223 | D:4      | Reached skill level 2 in Hexes
  1223 | D:4      | Reached skill level 2 in Charms
  1223 | D:4      | Reached skill level 2 in Necromancy
  1223 | D:4      | Reached skill level 2 in Translocations
  1223 | D:4      | Reached skill level 2 in Transmutations
  1223 | D:4      | Reached skill level 2 in Fire Magic
  1223 | D:4      | Reached skill level 2 in Ice Magic
  1223 | D:4      | Reached skill level 2 in Air Magic
  1223 | D:4      | Reached skill level 2 in Earth Magic
  1223 | D:4      | Reached skill level 2 in Poison Magic
  1226 | D:4      | Gained mutation: Scrolls take you a little longer to read. [mutagenic meat]
  1227 | D:4      | Lost mutation: Scrolls take you a little longer to read. [mutagenic meat]
  1339 | D:5      | Found a white marble altar of Elyvilon.
  1376 | D:5      | Reached skill level 5 in Stealth
  1386 | D:5      | Found an iron altar of Okawaru.
  1592 | D:5      | Reached skill level 3 in Invocations
  1661 | D:7      | Reached XP level 8. HP: 9/57 MP: 16/16
  1675 | D:7      | HP: 5/57 [killer bee (7)]
  1676 | D:7      | HP: 2/57 [killer bee (3)]
  1730 | D:7      | Reached skill level 3 in Fighting
  1730 | D:7      | Reached skill level 3 in Short Blades
  1730 | D:7      | Reached skill level 3 in Long Blades
  1730 | D:7      | Reached skill level 3 in Axes
  1730 | D:7      | Reached skill level 3 in Maces & Flails
  1730 | D:7      | Reached skill level 3 in Polearms
  1730 | D:7      | Reached skill level 3 in Staves
  1730 | D:7      | Reached skill level 3 in Slings
  1730 | D:7      | Reached skill level 3 in Bows
  1730 | D:7      | Reached skill level 3 in Crossbows
  1730 | D:7      | Reached skill level 3 in Throwing
  1730 | D:7      | Reached skill level 3 in Armour
  1730 | D:7      | Reached skill level 3 in Shields
  1730 | D:7      | Reached skill level 3 in Unarmed Combat
  1730 | D:7      | Reached skill level 3 in Evocations
  1855 | D:6      | Found Ammeth's General Store.
  1857 | D:6      | Bought a scroll of teleportation for 36 gold pieces
  1857 | D:6      | Bought 2 scrolls of fear for 84 gold pieces
  1857 | D:6      | Bought a scroll of teleportation for 36 gold pieces
  1913 | D:6      | Gained mutation: You have sharp toenails. [potion of mutation]
  1913 | D:6      | Gained mutation: You are partially covered in icy blue scales. (AC +2) [potion of mutation]
  1913 | D:6      | Gained mutation: Your body sometimes deteriorates upon taking damage. [potion of mutation]
  1913 | D:6      | Gained mutation: You are partially covered in slimy green scales. (AC +2) [potion of mutation]
  2000 | D:6      | Found a staircase to the Ecumenical Temple.
  2009 | Temple   | Entered the Ecumenical Temple
  2026 | Temple   | Became a worshipper of Cheibriados the Contemplative
  2063 | D:6      | Reached skill level 6 in Spellcasting
  2080 | D:6      | Learned a level 3 spell: Summon Guardian Golem
  2380 | D:10     | Entered Level 10 of the Dungeon
  2400 | D:10     | Noticed a troll
  2407 | D:10     | Found a shimmering altar of Xom.
  2421 | D:10     | Killed a troll
  2422 | D:10     | HP: 3/58 [wight/dagger of freezing (4)]
  2425 | D:10     | Reached skill level 3 in Conjurations
  2425 | D:10     | Reached skill level 3 in Hexes
  2425 | D:10     | Reached skill level 3 in Charms
  2425 | D:10     | Reached skill level 3 in Necromancy
  2425 | D:10     | Reached skill level 3 in Translocations
  2425 | D:10     | Reached skill level 3 in Transmutations
  2425 | D:10     | Reached skill level 3 in Fire Magic
  2425 | D:10     | Reached skill level 3 in Ice Magic
  2425 | D:10     | Reached skill level 3 in Air Magic
  2425 | D:10     | Reached skill level 3 in Earth Magic
  2425 | D:10     | Reached skill level 3 in Poison Magic
  2425 | D:10     | Reached skill level 4 in Invocations
  2441 | D:10     | Reached XP level 9. HP: 24/65 MP: 5/18
  2488 | D:10     | Reached skill level 6 in Dodging
  2511 | D:11     | Reached * piety under Cheibriados
  2531 | D:11     | Learned a level 4 spell: Summon Ice Beast
  2604 | D:11     | Noticed a gargoyle
  2620 | D:11     | Reached skill level 4 in Fighting
  2620 | D:11     | Reached skill level 4 in Short Blades
  2620 | D:11     | Reached skill level 4 in Long Blades
  2620 | D:11     | Reached skill level 4 in Axes
  2620 | D:11     | Reached skill level 4 in Maces & Flails
  2620 | D:11     | Reached skill level 4 in Polearms
  2620 | D:11     | Reached skill level 4 in Staves
  2620 | D:11     | Reached skill level 4 in Slings
  2620 | D:11     | Reached skill level 4 in Bows
  2620 | D:11     | Reached skill level 4 in Crossbows
  2620 | D:11     | Reached skill level 4 in Throwing
  2620 | D:11     | Reached skill level 4 in Armour
  2620 | D:11     | Reached skill level 4 in Shields
  2620 | D:11     | Reached skill level 4 in Unarmed Combat
  2620 | D:11     | Reached skill level 4 in Evocations
  2676 | D:11     | Noticed a manticore
  2728 | D:11     | Noticed a cyclops
  2757 | D:11     | Reached skill level 6 in Stealth
  2757 | D:11     | Reached skill level 8 in Summonings
  2762 | D:11     | Killed a cyclops
  2803 | D:11     | Found a staircase to the Lair.
  2862 | D:11     | Noticed a manticore
  2868 | D:11     | Killed a manticore
  2868 | D:11     | Reached ** piety under Cheibriados
  2868 | D:11     | Reached skill level 5 in Invocations
  2884 | D:11     | Learned a level 3 spell: Conjure Flame
  2894 | D:11     | Learned a level 3 spell: Mephitic Cloud
  2906 | D:11     | Noticed a two-headed ogre
  2919 | D:11     | Killed a two-headed ogre
  2919 | D:11     | Reached skill level 7 in Spellcasting
  2919 | D:11     | Reached skill level 4 in Conjurations
  2919 | D:11     | Reached skill level 4 in Hexes
  2919 | D:11     | Reached skill level 4 in Charms
  2919 | D:11     | Reached skill level 4 in Necromancy
  2919 | D:11     | Reached skill level 4 in Translocations
  2919 | D:11     | Reached skill level 4 in Transmutations
  2919 | D:11     | Reached skill level 4 in Fire Magic
  2919 | D:11     | Reached skill level 4 in Ice Magic
  2919 | D:11     | Reached skill level 4 in Air Magic
  2919 | D:11     | Reached skill level 4 in Earth Magic
  2919 | D:11     | Reached skill level 4 in Poison Magic
  2919 | D:11     | Reached XP level 10. HP: 73/73 MP: 4/20
  2925 | D:11     | Found Qiysaov's Weapon Shop.
  3133 | D:11     | Reached skill level 5 in Fighting
  3133 | D:11     | Reached skill level 5 in Short Blades
  3133 | D:11     | Reached skill level 5 in Long Blades
  3133 | D:11     | Reached skill level 5 in Axes
  3133 | D:11     | Reached skill level 5 in Maces & Flails
  3133 | D:11     | Reached skill level 5 in Polearms
  3133 | D:11     | Reached skill level 5 in Staves
  3133 | D:11     | Reached skill level 5 in Slings
  3133 | D:11     | Reached skill level 5 in Bows
  3133 | D:11     | Reached skill level 5 in Crossbows
  3133 | D:11     | Reached skill level 5 in Throwing
  3133 | D:11     | Reached skill level 5 in Armour
  3133 | D:11     | Reached skill level 5 in Shields
  3133 | D:11     | Reached skill level 5 in Unarmed Combat
  3133 | D:11     | Reached skill level 5 in Evocations
  3149 | D:10     | Noticed a gargoyle
  3185 | D:10     | Found a staircase to the Orcish Mines.
  3204 | D:10     | Killed a gargoyle
  3204 | D:10     | Reached skill level 7 in Dodging
  3208 | D:10     | Found Iroixuf's Weapon Boutique.
  3239 | Orc:1    | Entered Level 1 of the Orcish Mines
  3265 | Orc:1    | Reached *** piety under Cheibriados
  3288 | Orc:2    | Entered Level 2 of the Orcish Mines
  3288 | Orc:2    | Found a staircase to the Elven Halls.
  3288 | Orc:2    | Noticed an orc sorcerer
  3288 | Orc:2    | Noticed an orc sorcerer
  3300 | Orc:1    | Noticed a two-headed ogre
  3302 | Orc:1    | Noticed Maurice
  3320 | Orc:1    | Killed Maurice
  3328 | Orc:1    | Noticed a cyclops
  3335 | Orc:1    | Killed a cyclops
  3335 | Orc:1    | Reached skill level 7 in Stealth
  3335 | Orc:1    | Reached skill level 6 in Invocations
  3379 | Orc:1    | Noticed an orc knight
  3388 | Orc:1    | Killed an orc knight
  3395 | Orc:1    | Found a roughly hewn altar of Beogh.
  3466 | Orc:1    | Found Cetz's General Store.
  3469 | Orc:1    | Bought a +1 cloak of poison resistance for 202 gold pieces
  3469 | Orc:1    | Bought a scroll of fear for 52 gold pieces
  3469 | Orc:1    | Bought a potion of flight for 45 gold pieces
  3469 | Orc:1    | Bought a scroll of identify for 30 gold pieces
  3507 | Orc:2    | Found a roughly hewn altar of Beogh.
  3516 | Orc:2    | Reached XP level 11. HP: 67/81 MP: 22/22
  3530 | Orc:2    | Noticed Saint Roka
  3533 | Orc:2    | Reached **** piety under Cheibriados
  3562 | Orc:2    | Noticed an orc knight
  3563 | Orc:2    | Killed an orc sorcerer
  3566 | Orc:2    | Noticed an orc sorcerer
  3570 | Orc:2    | Noticed a sixfirhy
  3571 | Orc:2    | Noticed a sixfirhy
  3573 | Orc:2    | HP: 2/81 [sixfirhy[an orc sorcerer] (10)]
  3573 | Orc:2    | Mangled by a sixfirhy

Vault maps used:
D:1:      lightli_molten_gateway
D:2:      first_bread, nemelex_lonely_heart_becter, uniq_sigmund
D:3:      lemuel_doored_altar, chequers_ecumenical_altar_simple_redux
D:4:      gammafunk_steamed_eel, regret_index_temple_of_mockery
D:5:      elyvilon_altar_5, okawaru_ov_weapons_minmay,
          gammafunk_temple_overflow_pools, gammafunk_temple_overflow_arena
D:6:      minmay_temple_entry_mist, serial_shops, nicolae_shop_trees
D:7:      chequers_temple_overflow_minitemple
D:8:      minmay_door_square
D:9:      grunt_ogre_cave
D:10:     orc_david_3, basic_altar
D:11:     erik_lair_orcish_takeover, serial_shops, nicolae_shop_stone
Temple:   zaba_magenta_temple
Orc:1:    serial_shops, nicolae_shop_behind_doors, basic_altar, uniq_maurice
Orc:2:    grunt_orc_tribal_feast, basic_altar, nicolae_orc_sculptors_studio,
          uniq_saint_roka

Skill      XL: |  1  2  3  4  5  6  7  8  9 10 |
---------------+-------------------------------+-----
Spellcasting   | 5 6 7 |  7.8
Invocations    | 1 2 3 4 5 6 |  6.5
Fighting       | 1 2 3 4 5 |  5.9
Short Blades   | 1 2 3 4 5 |  5.9
Long Blades    | 1 2 3 4 5 |  5.9
Axes           | 1 2 3 4 5 |  5.9
Maces & Flails | 1 2 3 4 5 |  5.9
Polearms       | 1 2 3 4 5 |  5.9
Staves         | 1 2 3 4 5 |  5.9
Slings         | 1 2 3 4 5 |  5.9
Bows           | 1 2 3 4 5 |  5.9
Crossbows      | 1 2 3 4 5 |  5.9
Throwing       | 1 2 3 4 5 |  5.9
Armour         | 1 2 3 4 5 |  5.9
Shields        | 1 2 3 4 5 |  5.9
Unarmed Combat | 1 2 3 4 5 |  5.9
Evocations     | 1 2 3 4 5 |  5.9
Conjurations   | 1 2 3 4 |  4.9
Hexes          | 1 2 3 4 |  4.9
Charms         | 1 2 3 4 |  4.9
Necromancy     | 1 2 3 4 |  4.9
Translocations | 1 2 3 4 |  4.9
Transmutations | 1 2 3 4 |  4.9
Fire Magic     | 1 2 3 4 |  4.9
Ice Magic      | 1 2 3 4 |  4.9
Air Magic      | 1 2 3 4 |  4.9
Earth Magic    | 1 2 3 4 |  4.9
Poison Magic   | 1 2 3 4 |  4.9
Dodging        | 5 6 7 |  7.5
Stealth        | 5 6 7 |  7.3
Summonings     | 8 |  8.7

Action                   |  1- 3 |  4- 6 |  7- 9 | 10-12 || total
-------------------------+-------+-------+-------+-------++-------
Melee: Short sword       |    36 |    25 |    66 |       ||   127
       Bite              |     4 |     3 |    21 |    13 ||    41
       Punch             |       |     1 |       |       ||     1
       Flail             |       |       |    11 |     7 ||    18
       Dagger            |       |       |    86 |    23 ||   109
       Kick              |       |       |    29 |    31 ||    60
       Hand axe          |       |       |       |    40 ||    40
 Fire: Hunting sling     |       |       |     3 |       ||     3
Throw: Tomahawk          |    29 |    10 |    24 |    35 ||    98
       Stone             |       |       |     1 |     4 ||     5
 Cast: Summon Small Mamm |     8 |     4 |     7 |       ||    19
       Call Canine Famil |       |     3 |     5 |     1 ||     9
       Summon Lightning  |       |       |    24 |    20 ||    44
       Mephitic Cloud    |       |       |     1 |     2 ||     3
Invok: Slouch            |       |       |       |     1 ||     1
Evoke: Wand              |       |     3 |     2 |    10 ||    15
  Use: Scroll            |     3 |     1 |     7 |     7 ||    18
       Potion            |       |     1 |     9 |     1 ||    11
 Stab: Sleeping          |     1 |       |     3 |       ||     4
       Distracted        |       |       |     3 |     4 ||     7
       Confused          |       |       |       |     1 ||     1
  Eat: Chunk             |       |       |     9 |       ||     9
       Royal jelly       |       |       |     2 |       ||     2
       Fruit             |       |       |     3 |       ||     3
Armor: Robe              |     2 |       |       |       ||     2
       Leather armour    |     2 |     3 |    24 |       ||    29
       Skin              |       |       |    35 |       ||    35
       Steam dragon scal |       |       |     8 |       ||     8
       Troll leather arm |       |       |     9 |    18 ||    27
Dodge: Dodged            |    38 |    13 |   128 |    55 ||   234
Block: Buckler           |       |       |    22 |    28 ||    50

Table legend:
 A = Spawn XP
 B = Non-spawn XP
 C = Spawn XP percentage of total XP
 D = Spawn monster count
 E = Non-spawn monster count
 F = Spawn count percentage of total count
 G = Total turns spent on level
                    A         B        C        D         E        F      G
               +---------+---------+-------+---------+---------+-------+---------
         Total |       0 |   10538 |   0.0 |       0 |     174 |   0.0 |  3573
               +---------+---------+-------+---------+---------+-------+---------
           D:1 |       0 |      32 |   0.0 |       0 |      17 |   0.0 |   262
           D:2 |       0 |       3 |   0.0 |       0 |       2 |   0.0 |   123
           D:3 |       0 |       7 |   0.0 |       0 |       3 |   0.0 |   152
           D:4 |       0 |     416 |   0.0 |       0 |      16 |   0.0 |   529
           D:5 |       0 |     685 |   0.0 |       0 |      12 |   0.0 |   387
           D:6 |       0 |     227 |   0.0 |       0 |      11 |   0.0 |   355
           D:7 |       0 |     253 |   0.0 |       0 |       6 |   0.0 |   272
           D:8 |       0 |     236 |   0.0 |       0 |       3 |   0.0 |   255
           D:9 |       0 |      37 |   0.0 |       0 |       5 |   0.0 |    37
          D:10 |       0 |    1529 |   0.0 |       0 |      19 |   0.0 |   318
          D:11 |       0 |    3021 |   0.0 |       0 |      34 |   0.0 |   512
         Orc:1 |       0 |    2586 |   0.0 |       0 |      30 |   0.0 |   274
         Orc:2 |       0 |    1506 |   0.0 |       0 |      16 |   0.0 |    60
               +---------+---------+-------+---------+---------+-------+---------

Table legend:
 A = Turns spent in this place as a percentage of turns spent in the entire game.
 B = Non-inter-level travel turns spent in this place as a percentage of non-inter-level travel turns spent in the entire game.
 C = Inter-level travel turns spent in this place as a percentage of turns spent in this place.
 D = Turns resting spent in this place as a percentage of non-inter-level travel turns spent in this place.
 E = Turns spent auto-exploring this place as a percentage of non-inter-level travel turns spent in this place.
 F = Non-inter-level travel turns spent in this place divided by the number of levels of this place that you've seen.
                   A       B       C       D       E      F
               +-------+-------+-------+-------+-------+----------------------
         Total | 100.0 | 100.0 |   1.5 |   0.0 |   0.1 | 234.6
       Dungeon |  89.7 |  90.0 |   1.2 |   0.0 |   0.1 | 263.8
        Temple |   1.0 |   0.5 |  45.7 |   0.0 |   0.0 |  19.0
  Orcish Mines |   9.3 |   9.5 |   0.0 |   0.0 |   0.0 | 167.0
               +-------+-------+-------+-------+-------+----------------------

Table legend:
 A = Kills in this place as a percentage of kills in entire the game.
 B = Kills by you in this place as a percentage of kills by you in the entire game.
 C = Kills by friends in this place as a percentage of kills by friends in the entire game.
 D = Other kills in this place as a percentage of other kills in the entire game.
 E = Experience gained in this place as a percentage of experience gained in the entire game.
 F = Experience gained in this place divided by the number of levels of this place that you have seen.
                   A       B       C       D       E      F
               +-------+-------+-------+-------+-------+----------------------
         Total | 100.0 | 100.0 | 100.0 | 100.0 | 100.0 | 702.5
       Dungeon |  73.6 |  80.8 |  68.4 |   0.0 |  61.2 | 537.2
  Orcish Mines |  26.4 |  19.2 |  31.6 | 100.0 |  38.8 | 2046.0
               +-------+-------+-------+-------+-------+----------------------

Vault maps used:
D:1:      lightli_molten_gateway
D:2:      first_bread, nemelex_lonely_heart_becter, uniq_sigmund
D:3:      lemuel_doored_altar, chequers_ecumenical_altar_simple_redux
D:4:      gammafunk_steamed_eel, regret_index_temple_of_mockery
D:5:      elyvilon_altar_5, okawaru_ov_weapons_minmay,
          gammafunk_temple_overflow_pools, gammafunk_temple_overflow_arena
D:6:      minmay_temple_entry_mist, serial_shops, nicolae_shop_trees
D:7:      chequers_temple_overflow_minitemple
D:8:      minmay_door_square
D:9:      grunt_ogre_cave
D:10:     orc_david_3, basic_altar
D:11:     erik_lair_orcish_takeover, serial_shops, nicolae_shop_stone
Temple:   zaba_magenta_temple
Orc:1:    serial_shops, nicolae_shop_behind_doors, basic_altar, uniq_maurice
Orc:2:    grunt_orc_tribal_feast, basic_altar, nicolae_orc_sculptors_studio,
          uniq_saint_roka
